woodfighter, chaotic female sylph Ranger ----- |<..--- ------- --- --- |.....--- |.....| .. . .|....|.- |.(_..| -|---+--.- ........ |.....| ..|...|-.| -.|....---- ---- ---|--- |..--- ..|--.-..--- --..|..----...-- |.| ---+-.....-.--........--+- |..|....|.....---- |.| --......--..........).....| --...............---.-- |....... |..--------|-- .-- |......-- .........----- |...{... |......%..| - ----....| ..........--- |-.[.... |%[))=[[(%| |...-- .-.......-- ---|...|... ----------- |..-- ...---...|.--'.|..-- .---....|%.@..... .. .....%.@%.---. .... ...`.u)--.. .... ......-- ..-- -...--- woodfighter the Trailblazer Experience level: 8 Strength: 16 Dexterity: 10 Constitution: 15 Intelligence: 14 Wisdom: 15 Charisma: 8 Health: 0(64) Energy: 40(40) Def: 3 Gold: 0 Moves: 6728 Dungeon seed: DgVkXNwLZWrkkC_N Game ID: woodfighter_1456002675 Your Inventory: Amulets g - an uncursed amulet of reflection (being worn) l - an uncursed amulet of ESP Weapons a - a blessed +1 dagger (alternate weapon; not wielded) b - a +2 bow (weapon in hand) d - 30 +0 arrows u - 50 +2 arrows (in quiver) Armor e - an uncursed greased +2 cloak of displacement (being worn) n - an uncursed +0 dwarvish cloak Comestibles i - an uncursed carrot v - an uncursed lizard corpse z - 4 uncursed eucalyptus leaves A - 3 uncursed tripe rations O - 12 uncursed food rations Tools c - an uncursed skeleton key j - 30 cursed tallow candles (0:200) m - an uncursed stethoscope s - a cursed sack t - an uncursed blindfold B - a can of grease (0:0) C - a +0 pick-axe G - 10 cursed wax candles (0:400) H - a cursed towel I - an uncursed pair of lenses (being worn) L - 3 uncursed wax candles (0:400) Contents of the sack: a cursed -3 cloak of protection a cursed +1 dwarvish cloak an uncursed +0 dwarvish cloak an uncursed +0 dwarvish cloak an uncursed +0 dwarvish cloak an uncursed +0 dwarvish cloak an uncursed +0 dwarvish cloak an uncursed +0 dwarvish cloak an uncursed +0 dwarvish cloak a cursed +0 dwarvish cloak a cursed +0 dwarvish cloak a cursed +0 dwarvish cloak a cursed +0 dwarvish cloak a cursed +0 dwarvish cloak a cursed +0 dwarvish cloak a cursed +0 dwarvish cloak a cursed +0 dwarvish cloak a cursed +0 dwarvish cloak a cursed +0 dwarvish cloak a cursed +0 pair of leather gloves Spells and supernatural/magical abilities: Name Level Category Fail Memory a - force bolt 1 attack 38% 100% W - pray for help -- divine ? -- Your skills at the end: Miscellaneous Skills wands [Basic] Weapon Skills dagger [Basic] bow [Expert] Spellcasting Skills Final Attributes: You were piously aligned. You were cold resistant. You were poison resistant. You saw invisible. You had automatic searching. You had infravision. You were displaced. You were stealthy. You were protected from shape changers. You had reflection. You were lucky. You are dead. Vanquished creatures: 2 ghosts 2 giant mimics 2 leprechauns a lizard an owlbear a dog a dwarf lord a blue jelly an imp a wood nymph 2 rock piercers a yellow light 6 gnome lords a gnomish wizard a kobold mummy 3 red naga hatchlings a black naga hatchling a golden naga hatchling a guardian naga hatchling a gray ooze 4 elf zombies a straw golem a paper golem a little dog 2 floating eyes 2 kittens 7 dwarves a homunculus a kobold lord 4 iguanas 2 rothes 2 rabid rats a centipede a wererat a gas spore 4 hobbits an acid blob a large kobold a gecko 2 hobgoblins 3 giant rats 3 cave spiders a brown mold a yellow mold 3 red molds 20 gnomes 5 jackals 3 foxes 6 kobolds 9 newts a goblin 6 sewer rats 7 grid bugs 13 lichens 2 kobold zombies 154 creatures vanquished. Voluntary challenges: You were vegetarian. You had been an atheist until turn 6256. You used a wielded weapon 14 times, starting on turn 1478. You did not apply a unicorn horn. You read items or engraved 2 times, starting on turn 2341. You never genocided any monsters. You never polymorphed an object. You never changed form. You completed Sokoban on turn 4595, according to the rules. You used no wishes. You never split a pudding. You never wrote Elbereth's name. You violated your moral code, losing 2 points of alignment, starting on turn 2126. Dungeon overview: The Dungeons of Doom: levels 1 to 6 Level 1 a long staircase Level 2 a fountain Level 3 a fountain stairs to The Gnomish Mines Level 4 a general store Level 5 many fountains Level 6 a sink stairs to Sokoban The Gnomish Mines: levels 4 to 7 Level 4 stairs to The Dungeons of Doom Level 5 Level 6 Level 7 <- You were here a general store, a temple to Mars, a magic chest, a fountain Sokoban: levels 2 to 5 Level 2 a magic chest Level 3 Level 4 Level 5 a magic chest stairs to The Dungeons of Doom History has recorded: On T:1 you entered the Dungeons of Doom to retrieve the Amulet of Yendor! On T:64 you reached level 2 of The Dungeons of Doom. On T:508 you reached level 3 of The Dungeons of Doom. On T:700 you advanced to experience level 2. On T:829 you reached level 4 of The Dungeons of Doom. On T:912 you reached level 1 of The Gnomish Mines. On T:1293 you advanced to experience level 3. On T:1351 you reached level 5 of The Dungeons of Doom. On T:1617 you reached level 6 of The Dungeons of Doom. On T:1725 you advanced to experience level 4. On T:1984 you reached level 4 of Sokoban. On T:2081 you opened a magic chest. On T:2082 you opened a magic chest. On T:2083 you opened a magic chest. On T:2105 you advanced to experience level 5. On T:2270 you reached level 3 of Sokoban. On T:2860 you reached level 2 of Sokoban. On T:3353 you reached level 1 of Sokoban. On T:3372 you advanced to experience level 6. On T:4595 you advanced to experience level 7. On T:4595 you entered the Sokoban zoo. On T:4867 you opened a magic chest. On T:5282 you reached level 2 of The Gnomish Mines. On T:5837 you reached level 3 of The Gnomish Mines. On T:6166 you reached level 4 of The Gnomish Mines. On T:6220 you advanced to experience level 8. On T:6253 you entered the Minetown temple On T:6259 you opened a magic chest. On T:6629 you opened a magic chest. On T:6633 you opened a magic chest. On T:6636 you opened a magic chest. On T:6638 you opened a magic chest. On T:6646 you opened a magic chest. On T:6648 you opened a magic chest. On T:6653 you opened a magic chest. On T:6654 you opened a magic chest. On T:6654 you opened a magic chest. On T:6660 you opened a magic chest. On T:6666 you opened a magic chest. On T:6667 you opened a magic chest. On T:6668 you opened a magic chest. On T:6683 you opened a magic chest. On T:6685 you opened a magic chest. On T:6687 you opened a magic chest. Score breakdown: Gold: 0 ( 0 points) Experience: 8 levels ( 700 points) Exploration: 7 levels ( 180 points) Discoveries: 6 items ( 300 points) Variety of kills: 55 monsters ( 2000 points) Major goal: finished Sokoban ( 1000 points) Survival: died (score multiplied by 3) Total score: 12540 Latest messages: You put an uncursed +1 ring of gain strength into the magic chest. You put an uncursed tiger eye ring into the magic chest. You have a little trouble removing F - an uncursed tiger eye ring. You put 7 blessed crossbow bolts into the magic chest. You put 6 uncursed crossbow bolts into the magic chest. You put 7 blessed crossbow bolts into the magic chest. You put 10 cursed crossbow bolts into the magic chest. You put 3 uncursed daggers into the magic chest. You put 11 blessed poisoned crossbow bolts into the magic chest. You put 7 uncursed poisoned crossbow bolts into the magic chest. Your movements are now unencumbered. You put an uncursed forked wand into the magic chest. You put an uncursed iridium wand into the magic chest. You put an uncursed platinum wand into the magic chest. You put an uncursed steel wand into the magic chest. You put a blessed brass wand into the magic chest. Your movements are only slowed slightly by your load. You have a little trouble lifting k - an uncursed moonstone ring. You have a little trouble lifting p - a cursed steel ring. l - a cursed steel ring. F - an uncursed tiger eye ring. q - a blessed brass wand. r - an uncursed curved wand. The arrow hits the gold golem! The gold golem claws you! (2x) You die... Final status: Goodbye woodfighter the Ranger, killed by a gold golem... You died in The Gnomish Mines on dungeon level 7 with 12540 points, and 0 pieces of gold, after 6728 moves. You were level 8 with a maximum of 64 hit points when you died.